DBL
MONTREAL EXPOS @ DETROIT TIGERS
04/29/1997
 
TOP OF THE 1ST
Montreal Expos batting - Pitching for Detroit Tigers : LHP Vaughn Eshelman
Pitching: LHP Vaughn Eshelman
Batting: SHB Ricky Otero 0-0: Ground out 5-3 (Groundball, 56S, EV 84.4 MPH)
Batting: SHB Gregg Jefferies 0-0: Foul Ball, location: 2F
0-1: Foul Ball, location: 2F
0-2: Ball
1-2: Foul Ball, location: 2F
1-2: Fly out, F9 (Flyball, 9D, EV 96.3 MPH)
Batting: RHB Matt Williams 0-0: Ball
1-0: Ball
2-0: Called Strike
2-1: Ball
3-1: Called Strike
3-2: Strikes out looking
Top of the 1st over - 0 runs, 0 hits, 0 errors, 0 left on base; Montreal 0 - Detroit 0
BOTTOM OF THE 1ST
Detroit Tigers batting - Pitching for Montreal Expos : LHP Mark Guthrie
Pitching: LHP Mark Guthrie
Batting: SHB Adrian Brown 0-0: Ball
1-0: Ball
2-0: Foul Ball, location: 2F
2-1: SINGLE (Groundball, 56, EV 83.8 MPH) (infield hit)
Batting: RHB Howard Battle 0-0: Ball
1-0: Foul Ball, location: 2F
1-1: Foul Ball, location: 2F
1-2: Ball
2-2: Ball
3-2: Foul Ball, location: 2F
3-2: DOUBLE (Line Drive, 89M, EV 109.4 MPH)
Adrian Brown to third
Batting: RHB Shannon Stewart 0-0: Ball
1-0: Ball
2-0: Ball
3-0: Called Strike
3-1: Base on Balls
Batting: LHB Tino Martinez 0-0: Foul Ball, location: 2F
0-1: Swinging Strike
0-2: Strikes out swinging
Batting: RHB Russ Johnson 0-0: Called Strike
0-1: Called Strike
0-2: Ball
1-2: Ball
2-2: Foul Ball, location: 2F
2-2: Fly out, F9 (Flyball, 89S, EV 88.1 MPH)
Batting: LHB Ben Grieve 0-0: Ball
1-0: Foul Ball, location: 2F
1-1: Swinging Strike
1-2: Strikes out swinging
Bottom of the 1st over - 0 runs, 2 hits, 0 errors, 3 left on base; Montreal 0 - Detroit 0
TOP OF THE 2ND
Montreal Expos batting - Pitching for Detroit Tigers : LHP Vaughn Eshelman
Batting: RHB Jeff Kent 0-0: Swinging Strike
0-1: Ball
1-1: Ball
2-1: Foul Ball, location: 2F
2-2: Foul Ball, location: 2F
2-2: Foul Ball, location: 2F
2-2: Foul Ball, location: 2F
2-2: Ground out 6-3 (Groundball, 6, EV 84.4 MPH)
Batting: RHB John Jaha 0-0: Ball
1-0: Ball
2-0: Ball
3-0: Called Strike
3-1: Base on Balls
Batting: RHB Leo Gomez 0-0: Ball
1-0: Foul Ball, location: 2F
1-1: Ball
2-1: Ball
3-1: Fly out, F8 (Flyball, 8LD, EV 91.3 MPH)
Batting: RHB Jose Hernandez 0-0: Ball
1-0: Ball
2-0: Swinging Strike
2-1: Swinging Strike
2-2: Strikes out looking
Top of the 2nd over - 0 runs, 0 hits, 0 errors, 1 left on base; Montreal 0 - Detroit 0
BOTTOM OF THE 2ND
Detroit Tigers batting - Pitching for Montreal Expos : LHP Mark Guthrie
Batting: LHB Brent Mayne 0-0: Fly out, F8 (Flyball, 8LS, EV 81.3 MPH)
Batting: RHB Shane Halter 0-0: SINGLE (Groundball, 34D, EV 93.8 MPH)
Batting: LHB Joe Orsulak 0-0: Foul Ball, location: 2F
0-1: Called Strike
0-2: Strikes out looking
Batting: SHB Adrian Brown 0-0: DOUBLE (Line Drive, 89M, EV 103.8 MPH)
Shane Halter to third
Runner from 3rd tries for Home, SAFE, no throw by CF
Batting: RHB Howard Battle 0-0: Foul Ball, location: 2F
0-1: Called Strike
0-2: SINGLE (Line Drive, 4M, EV 108.8 MPH)
Adrian Brown to third
Runner from 3rd tries for Home, SAFE, no throw by CF
Batting: RHB Shannon Stewart 0-0: Called Strike
0-1: Ball
1-1: Ball
2-1: Ball
3-1: Base on Balls
Howard Battle to second
Batting: LHB Tino Martinez 0-0: Ball
1-0: Ball
2-0: Ground out 1-3 (Groundball, 34S, EV 85.0 MPH)
Bottom of the 2nd over - 2 runs, 3 hits, 0 errors, 2 left on base; Montreal 0 - Detroit 2
TOP OF THE 3RD
Montreal Expos batting - Pitching for Detroit Tigers : LHP Vaughn Eshelman
Batting: RHB Brian R. Hunter 0-0: Ball
1-0: Ball
2-0: Called Strike
2-1: Foul Ball, location: 2F
2-2: Fly out, F8 (Line Drive, 8LM, EV 91.9 MPH)
Batting: RHB Scott Servais 0-0: Called Strike
0-1: Ball
1-1: Ball
2-1: Ground out 6-3 (Groundball, 6, EV 76.9 MPH)
Batting: SHB Ricky Otero 0-0: Fly out, F7 (Flyball, 7S, EV 86.3 MPH)
Top of the 3rd over - 0 runs, 0 hits, 0 errors, 0 left on base; Montreal 0 - Detroit 2
BOTTOM OF THE 3RD
Detroit Tigers batting - Pitching for Montreal Expos : LHP Mark Guthrie
Batting: RHB Russ Johnson 0-0: Ball
1-0: Ground out 6-3 (Groundball, 6S, EV 84.4 MPH)
Batting: LHB Ben Grieve 0-0: Called Strike
0-1: Ground out 4-3 (Groundball, 4, EV 86.3 MPH)
Batting: LHB Brent Mayne 0-0: Ball
1-0: Ball
2-0: Foul Ball, location: 2F
2-1: Foul Ball, location: 2F
2-2: Strikes out swinging
Bottom of the 3rd over - 0 runs, 0 hits, 0 errors, 0 left on base; Montreal 0 - Detroit 2
TOP OF THE 4TH
Montreal Expos batting - Pitching for Detroit Tigers : LHP Vaughn Eshelman
Batting: SHB Gregg Jefferies 0-0: Ball
1-0: Ball
2-0: Fly out, F7 (Line Drive, 7, EV 98.1 MPH)
Batting: RHB Matt Williams 0-0: Called Strike
0-1: Ball
1-1: Ball
2-1: Ball
3-1: Swinging Strike
3-2: Strikes out swinging
Batting: RHB Jeff Kent 0-0: Ball
1-0: Swinging Strike
1-1: Swinging Strike
1-2: Foul Ball, location: 2F
1-2: Strikes out looking
Top of the 4th over - 0 runs, 0 hits, 0 errors, 0 left on base; Montreal 0 - Detroit 2
BOTTOM OF THE 4TH
Detroit Tigers batting - Pitching for Montreal Expos : LHP Mark Guthrie
Batting: RHB Shane Halter 0-0: Ball
1-0: Foul Ball, location: 2F
1-1: Ball
2-1: Ground out 5-3 (Groundball, 5, EV 88.8 MPH)
Batting: LHB Joe Orsulak 0-0: Ball
1-0: Ball
2-0: Ground out 4-3 (Groundball, 4, EV 82.5 MPH)
Batting: SHB Adrian Brown 0-0: Fly out, F8 (Line Drive, 8RM, EV 94.4 MPH)
Bottom of the 4th over - 0 runs, 0 hits, 0 errors, 0 left on base; Montreal 0 - Detroit 2
TOP OF THE 5TH
Montreal Expos batting - Pitching for Detroit Tigers : LHP Vaughn Eshelman
Batting: RHB John Jaha 0-0: Ball
1-0: Ball
2-0: SOLO HOME RUN (Flyball, 78XD, EV 103.1 MPH), Distance : 400 ft
Batting: RHB Leo Gomez 0-0: Called Strike
0-1: Ball
1-1: Ball
2-1: Called Strike
2-2: Ball
3-2: Foul Ball, location: 2F
3-2: DOUBLE (Line Drive, 5D, EV 98.1 MPH)
Batting: RHB Jose Hernandez 0-0: Bunt missed!
0-1: Sac Bunt to 5S - play at first, batter OUT! 5-4
Leo Gomez to third
Batting: RHB Brian R. Hunter 0-0: Ball
1-0: Called Strike
1-1: Foul Ball, location: 2F
1-2: Strikes out looking
Batting: RHB Scott Servais 0-0: Ball
1-0: Foul Ball, location: 2F
1-1: Ground out 5-3 (Groundball, 56, EV 90.0 MPH)
Top of the 5th over - 1 run, 2 hits, 0 errors, 1 left on base; Montreal 1 - Detroit 2
BOTTOM OF THE 5TH
Detroit Tigers batting - Pitching for Montreal Expos : LHP Mark Guthrie
Batting: RHB Howard Battle 0-0: Called Strike
0-1: Called Strike
0-2: Ball
1-2: Fly out, F8 (Flyball, 8RD, EV 100.0 MPH)
Batting: RHB Shannon Stewart 0-0: Called Strike
0-1: Ball
1-1: Foul Ball, location: 2F
1-2: Foul Ball, location: 2F
1-2: Foul Ball, location: 2F
1-2: Ball
2-2: Foul Ball, location: 2F
2-2: Ball
3-2: Base on Balls
Batting: LHB Tino Martinez 0-0: Called Strike
0-1: Ball
1-1: Fly out, F7 (Flyball, 7LMF, EV 83.8 MPH)
Batting: RHB Russ Johnson 0-0: Ball
1-0: Foul Ball, location: 2F
1-1: Ball
2-1: Foul Ball, location: 2F
2-2: Fielders Choice at 2nd, 5-4 (Groundball, 56, EV 80.0 MPH)
Bottom of the 5th over - 0 runs, 0 hits, 0 errors, 1 left on base; Montreal 1 - Detroit 2
TOP OF THE 6TH
Montreal Expos batting - Pitching for Detroit Tigers : LHP Vaughn Eshelman
Batting: SHB Ricky Otero 0-0: Ground out 5-3 (Groundball, 5, EV 94.4 MPH)
Batting: SHB Gregg Jefferies 0-0: Ball
1-0: Foul Ball, location: 2F
1-1: Ball
2-1: Fly out, F8 (Flyball, 89D, EV 107.5 MPH)
Batting: RHB Matt Williams 0-0: Called Strike
0-1: Fly out, F8 (Line Drive, 8LM, EV 92.5 MPH)
Top of the 6th over - 0 runs, 0 hits, 0 errors, 0 left on base; Montreal 1 - Detroit 2
BOTTOM OF THE 6TH
Detroit Tigers batting - Pitching for Montreal Expos : LHP Mark Guthrie
Batting: LHB Ben Grieve 0-0: SINGLE (Groundball, 4MD, EV 96.3 MPH)
Batting: LHB Brent Mayne 0-0: Foul Ball, location: 2F
0-1: Ball
1-1: Swinging Strike
1-2: SINGLE (Groundball, 6MD, EV 95.0 MPH)
Ben Grieve to second
Batting: RHB Shane Halter 0-0: Bunted foul
0-1: Bunt missed!
0-2: Ball
1-2: Ground out U3 (Groundball, 3S, EV 92.5 MPH)
Ben Grieve to third
Brent Mayne to second
Batting: LHB Joe Orsulak 0-0: Ball
1-0: Fly out, F7 (Flyball, 7, EV 90.0 MPH)
Runner from 3rd tags up, SCORES, throw by LF
Brent Mayne to third
Batting: SHB Adrian Brown 0-0: Ball
1-0: Ground out 6-3 (Groundball, 6, EV 92.5 MPH)
Bottom of the 6th over - 1 run, 2 hits, 0 errors, 1 left on base; Montreal 1 - Detroit 3
TOP OF THE 7TH
Montreal Expos batting - Pitching for Detroit Tigers : LHP Vaughn Eshelman
Batting: RHB Jeff Kent 0-0: Called Strike
0-1: Foul Ball, location: 2F
0-2: Strikes out looking
Batting: RHB John Jaha 0-0: Ball
1-0: Fly out, F7 (Flyball, 7LM, EV 80.0 MPH)
Batting: RHB Leo Gomez 0-0: Called Strike
0-1: Ball
1-1: Swinging Strike
1-2: Strikes out swinging
Top of the 7th over - 0 runs, 0 hits, 0 errors, 0 left on base; Montreal 1 - Detroit 3
BOTTOM OF THE 7TH
Detroit Tigers batting - Pitching for Montreal Expos : LHP Mark Guthrie
Batting: RHB Howard Battle 0-0: Ball
1-0: Ball
2-0: Ball
3-0: Called Strike
3-1: Foul Ball, location: 2F
3-2: Fly out, F9 (Flyball, 9, EV 93.1 MPH)
Batting: RHB Shannon Stewart 0-0: Called Strike
0-1: Ball
1-1: Fly out, F4 (Popup, 4M, EV 65.6 MPH)
Batting: LHB Tino Martinez 0-0: Ball
1-0: Ball
2-0: Called Strike
2-1: Fly out, F6 (Popup, 4MD, EV 70.6 MPH)
Bottom of the 7th over - 0 runs, 0 hits, 0 errors, 0 left on base; Montreal 1 - Detroit 3
TOP OF THE 8TH
Montreal Expos batting - Pitching for Detroit Tigers : LHP Vaughn Eshelman
Batting: RHB Jose Hernandez 0-0: Ball
1-0: Foul Ball, location: 2F
1-1: Foul Ball, location: 2F
1-2: SINGLE (Flyball, 7LS, EV 98.1 MPH)
Pitching: RHP Danny Graves
Batting: RHB Brian R. Hunter 0-0: Ball
1-0: Ball
2-0: Ball
3-0: Base on Balls
Jose Hernandez to second
Batting: RHB Scott Servais 0-0: Bunt missed!
0-1: Sac Bunt to 3S - play at first, batter OUT! 3-4
Jose Hernandez to third
Brian R. Hunter to second
Pinch Hitting: RHB Raul Mondesi 0-0: Ball
1-0: Fly out, F7 (Flyball, 7D, EV 79.4 MPH)
Runner from 3rd tags up, SCORES, throw by LF
Batting: SHB Gregg Jefferies 0-0: 2-RUN HOME RUN (Flyball, 9D, EV 105.6 MPH), Distance : 379 ft
Batting: RHB Matt Williams 0-0: Ball
1-0: SOLO HOME RUN (Flyball, 7D, EV 100.6 MPH), Distance : 386 ft
Pitching: RHP Elmer Dessens
Batting: RHB Jeff Kent 0-0: Called Strike
0-1: Ball
1-1: Called Strike
1-2: Ball
2-2: Strikes out swinging
Top of the 8th over - 4 runs, 3 hits, 0 errors, 0 left on base; Montreal 5 - Detroit 3
BOTTOM OF THE 8TH
Detroit Tigers batting - Pitching for Montreal Expos : LHP Mark Guthrie
Pitching: RHP Ed Correa
Now in LF: Raul Mondesi
Batting: RHB Russ Johnson 0-0: Ball
1-0: Ball
2-0: Called Strike
2-1: Fly out, F3 (Popup, 3SF, EV 79.4 MPH)
Batting: LHB Ben Grieve 0-0: Ball
1-0: Ball
2-0: Ball
3-0: Base on Balls
Batting: LHB Brent Mayne 0-0: Called Strike
0-1: Ball
1-1: Ball
2-1: Foul Ball, location: 2F
2-2: Fielders Choice at 2nd, 4-6 (Groundball, 4, EV 81.3 MPH)
Batting: RHB Shane Halter 0-0: Foul Ball, location: 2F
0-1: Ball
1-1: Foul Ball, location: 2F
1-2: Ball
2-2: Strikes out swinging
Bottom of the 8th over - 0 runs, 0 hits, 0 errors, 1 left on base; Montreal 5 - Detroit 3
TOP OF THE 9TH
Montreal Expos batting - Pitching for Detroit Tigers : RHP Elmer Dessens
Batting: RHB John Jaha 0-0: Fly out, F7 (Flyball, 7S, EV 83.8 MPH)
Batting: RHB Leo Gomez 0-0: Ball
1-0: Called Strike
1-1: Foul Ball, location: 2F
1-2: Strikes out swinging
Batting: RHB Jose Hernandez 0-0: Ball
1-0: Ball
2-0: Called Strike
2-1: Swinging Strike
2-2: Ball
3-2: Strikes out swinging
Top of the 9th over - 0 runs, 0 hits, 0 errors, 0 left on base; Montreal 5 - Detroit 3
BOTTOM OF THE 9TH
Detroit Tigers batting - Pitching for Montreal Expos : RHP Ed Correa
Batting: LHB Joe Orsulak 0-0: Reached on error, E3 (Groundball, 3, EV 103.8 MPH)
Batting: SHB Adrian Brown 0-0: Called Strike
0-1: Called Strike
0-2: Foul Ball, location: 2F
0-2: Foul Ball, location: 2F
0-2: Ball
1-2: Foul Ball, location: 2F
1-2: Fielders Choice at 2nd, 4-6 (Groundball, 34, EV 84.4 MPH)
Batting: RHB Howard Battle 0-0: Called Strike
0-1: Ball
1-1: Foul Ball, location: 2F
1-2: Ball
2-2: Strikes out swinging
Batting: RHB Shannon Stewart 0-0: Ground out 6-3 (Groundball, 6MS, EV 84.4 MPH)
Bottom of the 9th over - 0 runs, 0 hits, 1 error, 1 left on base; Montreal 5 - Detroit 3
Tuesday, February 3rd, 2026 - OOTP Baseball 20.8 Build 74